 Dungeon Crawl Stone Soup version 0.28-a0-723-g095bd1b44f (webtiles) character file.

Game seed: 583028482877572988

19 ytrimaz the Grave Robber (level 2, 0/19 HPs)
             Began as a Demonspawn Necromancer on Oct 25, 2021.
             Succumbed to an adder's poison
             ... on level 2 of the Dungeon.
             The game lasted 00:01:07 (1417 turns).

ytrimaz the Grave Robber (Demonspawn Necromancer)   Turns: 1417, Time: 00:01:07

Health: 0/19       AC:  2    Str:  8    XL:     2   Next: 55%
Magic:  1/5        EV: 12    Int: 16    God:
Gold:   38         SH:  0    Dex: 13    Spells: 4/5 levels left

rFire   + . .      SeeInvis .   b - staff of fire
rCold   . . .      Faith    .   (no shield)
rNeg    . . .      Spirit   .   a - +0 robe
rPois   .          Reflect  .   (no helmet)
rElec   .          Harm     .   (no cloak)
rCorr   .          Rampage  .   (no gloves)
Will    .....                   (no boots)
Stlth   ++........              (no amulet)
HPRegen 0.06/turn               (no ring)
MPRegen 0.09/turn               (no ring)

@: lethally poisoned (0 -> -6)
A: demonic magic 1
a: no special abilities


You were on level 2 of the Dungeon.
You visited 1 branch of the dungeon, and saw 2 of its levels.

You collected 38 gold pieces.

Inventory:

Armour
 a - a +0 robe (worn)
Magical Staves
 b - a staff of fire (weapon)
Scrolls
 c - a scroll of vulnerability {unknown}
 d - a scroll of amnesia {unknown}
 e - a scroll of fear {unknown}
Potions
 f - 2 potions of berserk rage {unknown}


   Skills:
 - Level 1.7 Dodging
 - Level 1.7 Stealth
 + Level 2.2 Spellcasting
 + Level 5.0 Necromancy


You had 4 spell levels left.
You knew the following spells:

 Your Spells              Type           Power      Damage    Failure   Level
a - Pain                  Necr           72%        1d7       2%          1

Your spell library contained the following spells:

 Spells                   Type           Power      Damage    Failure   Level
 Animate Skeleton         Necr           36%        N/A       2%          1
 Vampiric Draining        Necr           9%         2d7       8%          3
 Summon Small Mammal      Summ           4%         N/A       21%         1
 Animate Dead             Necr           9%         N/A       26%         4
 Call Canine Familiar     Summ           1%         N/A       52%         3
 Summon Guardian Golem    Hex/Summ       1%         N/A       52%         3
 Agony                    Necr           18%        N/A       56%         5


Dungeon Overview and Level Annotations

Branches:
Dungeon (2/15)

Altars:
Makhleb


Innate Abilities, Weirdness & Mutations

Spells you cast may paralyse adjacent enemies.


Message History

You slide downwards.
The hatch slams shut behind you.
The goblin shouts!
The hobgoblin shouts!
Found a green potion and 8 gold pieces.
Found a burning altar of Makhleb.
There are monsters nearby!
The goblin writhes in agony!
You kill the goblin!
Malevolent energies surge around you.
The hobgoblin writhes in agony.
Malevolent energies surge around you.
The hobgoblin writhes in agony.
You kill the hobgoblin!
Malevolent energies surge around you.
The adder writhes in agony.
Malevolent energies surge around you.
The adder barely resists.
Malevolent energies surge around you.
The adder suddenly stops moving!
The helpless adder fails to defend itself.
You hit the adder.
The adder is lightly wounded.
The helpless adder fails to defend itself.
You hit the adder but do no damage.
The adder is lightly wounded.
The helpless adder fails to defend itself.
You hit the adder.
The adder is heavily wounded.
The helpless adder fails to defend itself.
You hit the adder.
The adder is heavily wounded.
The adder is no longer paralysed.
The adder barely misses you. The adder bites you.
You hit the adder.
The adder is severely wounded.
The adder closely misses you.
You barely miss the adder.
The adder is severely wounded.
The adder bites you.
You are lethally poisoned!
The adder poisons you! The adder bites you.
* * * LOW HITPOINT WARNING * * *
You hit the adder.
The adder is almost dead.
You die...

#....#. .#
+......#.######
#.............#
............$.#
#.............#
#!............#
#......S......#
#).@.......
#.........#
#....†.....
#..........
........._.
............
#...#####....
#... ####


You could see an adder.

Vanquished Creatures
  3 ball pythons (D:1)
  An endoplasm (D:1)
  A giant cockroach (D:1)
  3 hobgoblins
  A kobold (D:1)
  A quokka (D:1)
  4 bats (D:1)
  A frilled lizard (D:1)
  A goblin (D:2)
  A rat (D:1)
17 creatures vanquished.

Notes
Turn   | Place    | Note
-------+----------+-------------------------------------------
     0 | D:1      | ytrimaz the Demonspawn Necromancer began the quest for the
                  | Orb.
     0 | D:1      | Reached XP level 1. HP: 13/13 MP: 3/3
   421 | D:1      | Gained mutation: Spells you cast may paralyse adjacent
                  | enemies. [demonic ancestry]
   421 | D:1      | Reached XP level 2. HP: 12/19 MP: 0/5
   546 | D:1      | Reached skill level 5 in Necromancy
  1405 | D:2      | Found a burning altar of Makhleb.
  1417 | D:2      | Succumbed to an adder's poison

Illustrated notes

Levels and vault maps discovered:
D:1:      dpeg_arrival_circle_labyrinth_c, layout_basic
D:2:      layout_basic, basic_altar, roderic_nine_men_s_morris,
          hangedman_glass_teeth, minmay_parallelograms

Skill      XL: |  1  2 |
---------------+-------+-----
Necromancy     | 5 |  5.0
Dodging        | |  1.7
Stealth        | |  1.7
Spellcasting   | |  2.2

Action                   || total
-------------------------++-------
Melee: Staff             ||    12
       Unarmed           ||     1
 Cast: Pain              ||    29
 Stab: Paralysed         ||     4
Armor: Robe              ||     5
Dodge: Dodged            ||    10

Table legend: (Time is in decaauts)
 A = Elapsed time spent in this place.
 B = Non-inter-level travel time spent in this place.
 C = Inter-level travel time spent in this place.
 D = Time resting spent in this place.
 E = Time spent auto-exploring this place.
 F = Levels seen in this place.
 G = Mean time per level.
                   A        B        C        D        E       F      G
               +--------+--------+--------+--------+--------+-----+--------+
         Total |   1418 |   1313 |    105 |      0 |   1204 |   2 |  709.0 |
       Dungeon |   1418 |   1313 |    105 |      0 |   1204 |   2 |  709.0 |
               +--------+--------+--------+--------+--------+-----+--------+

Top non-repeatable levels by time:
     D:1: 1405 daAuts
     D:2: 13 daAuts
